[Event "Late-Titled-Tuesday-Blitz-April-30-2024"]
[Site "Chess.com"]
[Date "2024.04.30"]
[Round "5"]
[White "rasmussvane"]
[Black "Polish_fighter3000"]
[Result "0-1"]
[WhiteElo "2955"]
[BlackElo "3085"]
[TimeControl "180+1"]
[EndTime "14:58:46 PDT"]
[Termination "Polish_fighter3000 won by checkmate"]

1. Nf3 Nf6 2. g3 g6 3. Bg2 Bg7 4.
O-O O-O 5. d4 d6 6. Re1 Nbd7 7.
e4 e5 8. Nc3 c6 9. a4 Re8 10. h3 b6 11. Be3 a6 12. Nd2 Qc7 13.
Nc4 Bf8 14. Qd2 Bb7 15. Red1 b5 16. dxe5 dxe5 17. Nd6 Re6 18. Nxb7 Qxb7 19. axb5 axb5 20. Qe1 Ree8 21. Ne2 Nc5 22. f3 Nh5 23. Qf2 Ne6 24. h4 Rxa1 25. Rxa1 Ra8 26. Rb1 c5 27. Nc3 Nd4 28. Nd5 b4 29. f4 Qb8 30. fxe5 Qxe5 31. c3 Ne6 32. Bf4 Nhxf4 33. gxf4 Qg7 34. f5 Nd8 35. f6 Qh6 36. e5 Rb8 37. Rf1 Ne6 38. Bh3 Qh5 39. Bxe6 fxe6 40. f7+ Kg7 41. Qf6+ Kh6 42.
Ne3 bxc3 43. bxc3 Rb2 44. Qf4+ Kg7 45. Qf6+ Kh6 46. Qf4+ Kg7 47. Ng4 Qxh4 48. Qf6+ Qxf6 49.
exf6+ Kxf7 50. Ne5+ Kg8 51. Rd1 Re2 52. Nd7 Kf7 53. Nxf8 Kxf8 54. Rd7 h5 55. Rc7 Re5 56. Kg2 Rf5 57. c4 Rxf6 58. Rxc5 Rf4 59. Rc7 e5 60.
c5 Rc4 61. c6 Rc3 62. Kf2 e4 63. Ke2 e3 64. Rc8+ Kg7 65. c7 h4 66. Kf3 g5 67. Re8 Rxc7 68. Rxe3 Rc4 69. Re5 Rf4+ 70. Kg2 Kg6 71. Re1 Kh5 72. Kh2 Ra4 73. Kh1 Ra2 74.
Rg1 h3 75. Re1 Kh4 76. Re4+ g4 77. Re1 Ra4 78. Rd1 Rf4 79. Kh2 g3+ 80. Kh1 h2 81.
Kg2 Rf2+ 82. Kh1 Kh3 83. Rf1 g2# 0-1

[Event "Late-Titled-Tuesday-Blitz-April-30-2024"]
[Site "Chess.com"]
[Date "2024.04.30"]
[Round "5"]
[White "Njal28"]
[Black "KuzubovYuriy"]
[Result "0-1"]
[WhiteElo "3086"]
[BlackElo "2980"]
[TimeControl "180+1"]
[EndTime "14:59:08 PDT"]
[Termination "KuzubovYuriy won by resignation"]

1. e4 e5 2. Nf3 Nf6 3. Nc3 Nc6 4.
Bb5 Nd4 5. Nxd4 exd4 6. e5 dxc3 7. exf6 Qxf6 8. dxc3 Qe5+ 9. Be2 Bc5 10. O-O O-O 11. Bd3 d6 12. Qf3 Rb8 13. Bd2 Be6 14. Rfe1 Qd5 15.
Qg3 Qh5 16. Re4 g6 17. Rh4 Qe5 18. Bf4 Qf6 19. Bg5 Bxf2+ 20. Qxf2 Qxg5 21. Re1 b6 22. Ra4 a5 23. h4 Qh6 24. Rae4 Qg7 25. a3 d5 26. Re5 Rbe8 27. Bb5 Rd8 28. h5 gxh5 29. Rxh5 Bg4 30. Rhe5 Rd6 31. Bd3 h5 32. Qd2 Kh8 33.
Rg5 Qh6 34. Qf4 Rg8 35. Rxg8+ Kxg8 36. Re8+ Kg7 37. Qe5+ Qf6 38. Qe3 d4 39. Qd2 dxc3 40. bxc3 Re6 41. Rb8 Qe5 42. Kf2 Rf6+ 43. Kg1 h4 44.
Rd8 h3 45. Rd4 h2+ 46. Kh1 Be6 47. Rh4 Kf8 48. Rxh2 Qf4 49. Qxf4 Rxf4 50. Rh8+ Ke7 51. Rb8 Ra4 52. Kg1 Rxa3 53. Kf2 Rxc3 54. Rb7 Kd6 55. Ra7 Bc4 56. Bh7 Bd5 57. g4 Be6 58. g5 Rh3 59. Bd3 Rh5 60. g6 fxg6 61. Ra8 Rc5 62. Rd8+ Ke7 63.
Rb8 Bf5 64. Ra8 Bxd3 65. cxd3 Kd6 66. Ke3 Kc6 67. d4 Rd5 68. Rg8 Rd6 69. Ke4 Kb7 70.
d5 b5 71. Kd4 c6 72. Kc3 Rxd5 73. Rxg6 Kb6 74. Rg8 Rc5+ 75. Kd4 Rh5 76. Rb8+ Kc7 77. Rg8 Rh4+ 78. Kc3 Kb6 79. Rb8+ Kc5 80. Ra8 Rh3+ 81.
Kb2 a4 82. Rg8 Kb4 83. Rg4+ Ka5 84. Rg6 c5 85. Rg8 c4 86. Ka2 Kb4 87. Rg2 a3 88. Rc2 Rb3 89. Rc1 Rd3 90. Ka1 Ka4 91. Ka2 Rd4 92.
Ka1 b4 93. Rg1 b3 94. Kb1 Kb4 95. Kc1 Rh4 96. Rg8 Rh3 97. Kd2 Rh2+ 98. Ke3 a2 99. Ra8 Rh1 100. Rxa2 bxa2 101. Kf3 a1=Q 102. Kg3 0-1

[Event "Late-Titled-Tuesday-Blitz-April-30-2024"]
[Site "Chess.com"]
[Date "2024.04.30"]
[Round "5"]
[White "Meri-Arabidze"]
[Black "kleinebeer98"]
[Result "1/2-1/2"]
[WhiteElo "2689"]
[BlackElo "2915"]
[TimeControl "180+1"]
[EndTime "14:59:12 PDT"]
[Termination "Game drawn by 50-move rule"]

1. Nf3 g6 2. g3 Bg7 3. d4 e6 4. Bg2 Ne7 5. O-O O-O 6. e4 d6 7.
c4 b6 8. Nc3 Bb7 9. Be3 Nd7 10.
Qd2 Nf6 11. Nh4 Re8 12. e5 Bxg2 13. exf6 Bxf1 14. fxe7 Qxe7 15. Rxf1 c6 16. Bh6 d5 17. cxd5 exd5 18. Nf3 Qf6 19. Kg2 Re6 20. Bxg7 Kxg7 21. Ne5 h5 22. h4 Rd8 23. Qg5 c5 24. Qxf6+ Kxf6 25. f4 cxd4 26. Nb5 d3 27. Rd1 a6 28.
Nd4 Ree8 29. Rxd3 Kg7 30. Ra3 a5 31. Rb3 Rd6 32. Rc3 Re7 33. Kf3 f6 34. Nd3 Re4 35. Rc7+ Kh6 36. Nc2 Rde6 37. f5 gxf5 38. Nf4 Re7 39.
Rc6 Rc4 40. Rxf6+ Kg7 41. Rg6+ Kf7 42. Nxd5 Kxg6 43. Nxe7+ Kf7 44. Ne3 Rb4 45. N7xf5 Rxb2 46. a4 b5 47. axb5 a4 48. Nd6+ Ke6 49. Ndc4 Rxb5 50. g4 hxg4+ 51. Kxg4 Rb3 52. h5 a3 53. Nxa3 Rxe3 54. Nb5 Re4+ 55. Kg3 Rb4 56. Nc7+ Kd6 57. Ne8+ Ke7 58. Ng7 Kf6 59. h6 Kg6 60. Ne6 Kxh6 61. Nf4 Kg5 62. Ne2 Kf5 63. Kf3 Rb3+ 64. Kf2 Kg4 65. Nd4 Rd3 66. Ne2 Kf5 67. Ng3+ Ke5 68. Ne2 Ra3 69. Ng3 Ra2+ 70. Kf3 Ra3+ 71. Kf2 Kd4 72. Ne2+ Ke4 73. Ng3+ Kf4 74. Ne2+ Kg4 75. Nd4 Ra8 76. Ke3 Re8+ 77. Kd3 Kf4 78. Ne2+ Ke5 79. Ke3 Rh8 80. Kd3 Rh3+ 81. Kc4 Rh2 82. Nc3 Rh4+ 83.
Kd3 Rd4+ 84. Ke3 Rc4 85. Kd3 Rc6 86. Ne2 Rd6+ 87. Ke3 Rd8 88. Nc3 Rh8 89. Kd3 Ra8 90. Ne2 Ra3+ 91. Nc3 Rb3 92. Kc4 Rb2 93. Kd3 Kd6 94. Kc4 Rh2 95. Kd3 Kc6 96. Ne4 Rh3+ 97. Kd4 Rh4 98. Kd3 Kd5 99. Nc3+ Ke5 100. Ne2 Rh3+ 101. Kc4 Kd6 102. Nd4 Rh4 103. Kd3 Kd5 104. Nf3 Re4 105. Nd2 Rd4+ 106. Ke3 Ra4 107. Nf3 Ra3+ 108. Kf4 Ra8 109. Ke3 Re8+ 110. Kd3 Rf8 1/2-1/2

[Event "Late-Titled-Tuesday-Blitz-April-30-2024"]
[Site "Chess.com"]
[Date "2024.04.30"]
[Round "5"]
[White "Anton_Demchenko"]
[Black "ahkashefi2800"]
[Result "1-0"]
[WhiteElo "2915"]
[BlackElo "2590"]
[TimeControl "180+1"]
[EndTime "14:59:18 PDT"]
[Termination "Anton_Demchenko won by checkmate"]

1. e4 c6 2. d4 d5 3. e5 Bf5 4.
Bd3 Bxd3 5. Qxd3 e6 6. c3 Qa5 7.
Ne2 Qa6 8. Qd1 c5 9. O-O Nc6 10. Be3 cxd4 11. cxd4 Nge7 12. Ng3 Qb6 13. Nd2 g6 14.
Nf3 Bg7 15. Rb1 O-O 16. h4 Rfc8 17. h5 Na5 18. b3 Rc7 19. h6 Bf8 20. Nh2 Nf5 21.
Ng4 Be7 22. Rc1 Rac8 23. Rxc7 Qxc7 24. Qd2 Nc6 25. Rc1 Qd8 26. Nxf5 exf5 27. Nh2 Ba3 28. Rc2 Nb4 29. Rxc8 Qxc8 30. Qe2 a6 31. Qf3 Bc1 32. Nf1 Bxe3 33. Nxe3 Qc3 34. Qf4 Nc6 35. Nxd5 Qxd4 36.
Nf6+ Kh8 37. Qxd4 Nxd4 38. Kf1 Nb5 39. f4 Nc3 40. a4 b5 41. axb5 Nxb5 42. Kf2 Nd4 43. b4 Ne6 44. Ke3 g5 45. g3 gxf4+ 46. gxf4 Nc7 47. Kd4 Nb5+ 48. Kc5 Na3 49. Kb6 Nc2 50.
Ka5 Nd4 51. Kxa6 Nc6 52. b5 Nb4+ 53. Ka5 Nd3 54. b6 Nc5 55. Kb5 Nb7 56. Kc6 Nd8+ 57. Kd7 Ne6 58. Kd6 Nd8 59. Nd5 Nb7+ 60. Kc7 Nc5 61.
Ne7 Na6+ 62. Kd6 Nb4 63. Nxf5 Na6 64. Kc6 Kg8 65. Nd6 Kf8 66. b7 Ke7 67. f5 Nb8+ 68.
Kc7 Na6+ 69. Kc8 f6 70. Nc4 fxe5 71. Nxe5 Kf6 72. Nd7+ Kxf5 73. Nc5 Nxc5 74. b8=Q Ne6 75. Qd6 Ng5 76. Kd7 Kg4 77. Qe7 Kh5 78. Qg7 Nh3 79.
Qxh7 Ng5 80. Qg7 Ne4 81. h7 Ng5 82. h8=Q+ Kg4 83. Qhg8 Kh3 84. Qxg5 Kh2 85. Qh6# 1-0

[Event "Late-Titled-Tuesday-Blitz-April-30-2024"]
[Site "Chess.com"]
[Date "2024.04.30"]
[Round "6"]
[White "Dhaydon19"]
[Black "NovakRatko"]
[Result "1-0"]
[WhiteElo "2621"]
[BlackElo "2397"]
[TimeControl "180+1"]
[EndTime "15:02:50 PDT"]
[Termination "Dhaydon19 won by resignation"]

1. e4 d5 2. exd5 c6 3. Nc3 cxd5 4. d4 Nc6 5. Nf3 f6 6. Bb5 Bg4 7. h3 Bh5 8. Qe2 a6 9. Bxc6+ bxc6 10. Be3 Qd6 11.
O-O-O e6 12. g4 Bf7 13. Nd2 a5 14. a3 a4 15. Qf3 Rb8 16. Bf4 Qd8 17. Bxb8 Qxb8 18.
Nxa4 Qb5 19. Qb3 Qa5 20. Qb8+ Ke7 21. Nc5 Qd8 22. Qb7+ Ke8 23. Qxc6+ Ke7 24. Rhe1 Qd6 25. Qb7+ Kd8 26. Qxf7 1-0

[Event "Late-Titled-Tuesday-Blitz-April-30-2024"]
[Site "Chess.com"]
[Date "2024.04.30"]
[Round "6"]
[White "MatthewG-p4p"]
[Black "reevecanada"]
[Result "1-0"]
[WhiteElo "2867"]
[BlackElo "2645"]
[TimeControl "180+1"]
[EndTime "15:02:57 PDT"]
[Termination "MatthewG-p4p won by checkmate"]

1. f4 e5 2. fxe5 d6 3. Nf3 dxe5 4. e4 Nf6 5. Bc4 Bc5 6. Qe2 Nc6 7. Bxf7+ Kxf7 8. Qc4+ Ke8 9. Qxc5 Nxe4 10. Qe3 Qd5 11. d3 Nf6 12. Nc3 Qa5 13. O-O Bg4 14. Kh1 Bxf3 15. Qxf3 Rd8 16. Bg5 Rd6 17. Ne4 Re6 18. Bxf6 gxf6 19. Nxf6+ Kd8 20. Qf5 Re7 21. Qg5 Qc5 22.
Ng8 Rxg8 23. Qxg8+ Kd7 24. Qg4+ Kd6 25. Rf6+ Kd5 26.
Qe4# 1-0

[Event "Late-Titled-Tuesday-Blitz-April-30-2024"]
[Site "Chess.com"]
[Date "2024.04.30"]
[Round "6"]
[White "Moltini"]
[Black "margarita_2703"]
[Result "1-0"]
[WhiteElo "2495"]
[BlackElo "2325"]
[TimeControl "180+1"]
[EndTime "15:03:01 PDT"]
[Termination "Moltini won by resignation"]

1. d4 d5 2. c4 e6 3. Nc3 Nf6 4. Nf3 c5 5. cxd5 cxd4 6. Qxd4 exd5 7. Bg5 Be7 8. e3 Nc6 9. Bb5 O-O 10. Qd2 a6 11. Ba4 Be6 12. O-O Na5 13. Nd4 b5 14. Bc2 Rc8 15. Nxe6 fxe6 16. Ne2 Nc4 17. Qc1 Qb6 18.
a4 b4 19. Nd4 a5 20. b3 Nd6 21. Qd1 Kf7 22. Rc1 Nfe4 23. Qh5+ Kg8 24. Bxe7 Rf5 25.
Nxf5 1-0

[Event "Late-Titled-Tuesday-Blitz-April-30-2024"]
[Site "Chess.com"]
[Date "2024.04.30"]
[Round "6"]
[White "Darkbluelord"]
[Black "kemelgallo"]
[Result "0-1"]
[WhiteElo "2206"]
[BlackElo "2605"]
[TimeControl "180+1"]
[EndTime "15:03:05 PDT"]
[Termination "kemelgallo won by resignation"]

1. e4 c5 2. Nc3 Nc6 3. f4 g6 4. Nf3 Bg7 5. Bc4 e6 6. f5 Nge7 7. fxe6 fxe6 8. O-O O-O 9. d3 d5 10.
Bb3 Nd4 11. Bg5 Nxb3 12. axb3 d4 13. Nb5 Qd7 14. Bxe7 Qxe7 15. Rxa7 Rxa7 16. Nxa7 Bd7 17. c4 dxc3 18. bxc3 Ra8 19. Qa1 Qd8 20. e5 Qb6 21. Qc1 c4+ 22. d4 cxb3 23. Ng5 Qxa7 24. Qd1 b2 25.
Qc2 Qa1 0-1

[Event "Late-Titled-Tuesday-Blitz-April-30-2024"]
[Site "Chess.com"]
[Date "2024.04.30"]
[Round "6"]
[White "2L8IWUN"]
[Black "Shiner22"]
[Result "0-1"]
[WhiteElo "2057"]
[BlackElo "2299"]
[TimeControl "180+1"]
[EndTime "15:03:11 PDT"]
[Termination "Shiner22 won by resignation"]

1. d4 Nf6 2. Nf3 e6 3. Bf4 b6 4. e3 Bb7 5. Nbd2 g6 6. h3 Bg7 7. Bd3 d6 8. Bh2 O-O 9. O-O Nc6 10. a3 Nd7 11. Qe2 e5 12. dxe5 dxe5 13. Ba6 Bxa6 14.
Qxa6 Nc5 15. Qc4 Qe8 16. b4 Ne6 17. Ne4 h6 18. b5 Na5 19. Qxc7 Nxc7 0-1

[Event "Late-Titled-Tuesday-Blitz-April-30-2024"]
[Site "Chess.com"]
[Date "2024.04.30"]
[Round "6"]
[White "karinachess1"]
[Black "conformalfunction"]
[Result "1-0"]
[WhiteElo "2598"]
[BlackElo "2404"]
[TimeControl "180+1"]
[EndTime "15:03:16 PDT"]
[Termination "karinachess1 won by resignation"]

1. d4 Nf6 2. c4 g6 3. Nc3 Bg7 4. h4 d6 5. e4 Nbd7 6. Be2 e5 7. d5 h5 8. Bg5 a5 9. Nh3 Nc5 10. f3 c6 11. Qd2 cxd5 12. Nxd5 a4 13. Rd1 O-O 14. Nxf6+ Bxf6 15. Qxd6 Qxd6 16. Rxd6 Bxh3 17.
Bxf6 Be6 18. Bxe5 Rfd8 19. Kf2 Nd7 20. Bc3 Nb6 21. Rxb6 1-0

[Event "Late-Titled-Tuesday-Blitz-April-30-2024"]
[Site "Chess.com"]
[Date "2024.04.30"]
[Round "6"]
[White "Roedor"]
[Black "Romadk"]
[Result "1-0"]
[WhiteElo "2379"]
[BlackElo "2505"]
[TimeControl "180+1"]
[EndTime "15:03:19 PDT"]
[Termination "Roedor won by resignation"]

1. c4 e5 2. g3 Nc6 3. Bg2 f5 4. Nc3 Nf6 5. d3 d6 6. e3 g6 7. Nge2 Bg7 8. O-O O-O 9. Rb1 g5 10. f4 gxf4 11. exf4 Ng4 12. h3 Nf6 13. Be3 Qe8 14.
Nd5 Nxd5 15. Bxd5+ Kh8 16. Qd2 Qh5 17. Bg2 Bd7 18.
b4 Rae8 19. Kh2 Bh6 20. b5 Nd8 21. Rbe1 c6 22. a4 Ne6 23. fxe5 dxe5 24. Bxh6 f4 25. Bxf8 Rxf8 26. g4 Qh4 27. Ng1 f3 28. Nxf3 1-0

[Event "Late-Titled-Tuesday-Blitz-April-30-2024"]
[Site "Chess.com"]
[Date "2024.04.30"]
[Round "6"]
[White "brother-bear"]
[Black "cristiano78"]
[Result "1-0"]
[WhiteElo "2072"]
[BlackElo "2271"]
[TimeControl "180+1"]
[EndTime "15:03:27 PDT"]
[Termination "brother-bear won by resignation"]

1. d4 Nf6 2. c4 g6 3. Nc3 Bg7 4. e4 d6 5. Be2 O-O 6. Be3 e5 7. Nf3 Nc6 8. d5 Ne7 9. Nd2 h5 10. O-O Ng4 11. Bxg4 Bxg4 12. f3 Bd7 13. c5 f5 14. Nc4 Nc8 15. b4 f4 16. Bf2 g5 17. b5 g4 18. c6 bxc6 19. bxc6 Be8 20. fxg4 hxg4 21. Qxg4 Rf6 22. Bh4 Rg6 23. Qxg6 Bxg6 24.
Bxd8 Nb6 25. Nxb6 Rxd8 26. Nc4 Kf7 27. Rab1 Re8 28. Rb7 1-0

[Event "Late-Titled-Tuesday-Blitz-April-30-2024"]
[Site "Chess.com"]
[Date "2024.04.30"]
[Round "6"]
[White "hammahamma"]
[Black "Synctel"]
[Result "0-1"]
[WhiteElo "2246"]
[BlackElo "2038"]
[TimeControl "180+1"]
[EndTime "15:03:31 PDT"]
[Termination "Synctel won by resignation"]

1. e4 e6 2. d4 d5 3. Nd2 Nc6 4. exd5 exd5 5. Ngf3 Bf5 6. c3 a6 7. Be2 Bd6 8. Nf1 h6 9. Ne3 Bh7 10. Nxd5 Bxh2 11. Nxc7+ Bxc7 12. Be3 Nf6 13. Bd3 Bxd3 14. Qxd3 Qd7 15. O-O-O O-O-O 16. Nh4 Ne7 17. Qc4 Ned5 18. Bd2 Kb8 19. Qb3 Ne4 0-1

[Event "Late-Titled-Tuesday-Blitz-April-30-2024"]
[Site "Chess.com"]
[Date "2024.04.30"]
[Round "6"]
[White "MeisterJabo"]
[Black "carloseduar100"]
[Result "1-0"]
[WhiteElo "2460"]
[BlackElo "2227"]
[TimeControl "180+1"]
[EndTime "15:03:33 PDT"]
[Termination "MeisterJabo won by resignation"]

1. c4 e6 2. g3 d5 3. Nf3 a6 4. Bg2 dxc4 5. O-O Nc6 6. a4 Bc5 7. Na3 Na5 8. Qc2 Nb3 9. Ra2 Nxc1 10. Rxc1 b5 11. Ne5 Rb8 12. Nc6 Qf6 13. Nxb8 Qxf2+ 14. Kh1 Nf6 15. e3 O-O 16. axb5 Ng4 17. Rf1 Qe2 18.
Raa1 Nxe3 19. dxe3 Qxe3 20. Nxc4 1-0

[Event "Late-Titled-Tuesday-Blitz-April-30-2024"]
[Site "Chess.com"]
[Date "2024.04.30"]
[Round "6"]
[White "Rodalquilar"]
[Black "Davidalhesa2007"]
[Result "1-0"]
[WhiteElo "2684"]
[BlackElo "1927"]
[TimeControl "180+1"]
[EndTime "15:03:40 PDT"]
[Termination "Rodalquilar won by resignation"]

1. d4 d5 2. Nf3 Nf6 3. Bf4 c5 4. e3 Nc6 5. c3 Bf5 6. dxc5 e6 7. b4 Be7 8. Nbd2 O-O 9. Be2 a5 10. a3 a4 11. O-O Nd7 12. h3 e5 13. Bh2 e4 14.
Nd4 Bg6 15. c4 Nxd4 16. exd4 dxc4 17. Nxc4 f5 18. Bd6 Re8 19. Bxe7 Qxe7 20. Nd6 f4 21. Re1 f3 22. Bxf3 Qg5 23. Nxe4 Bxe4 24. Rxe4 Rxe4 25. Bxe4 Nf6 26. Bxb7 1-0

[Event "Late-Titled-Tuesday-Blitz-April-30-2024"]
[Site "Chess.com"]
[Date "2024.04.30"]
[Round "6"]
[White "th3d4rkness"]
[Black "A4RookA3"]
[Result "0-1"]
[WhiteElo "2149"]
[BlackElo "2368"]
[TimeControl "180+1"]
[EndTime "15:03:41 PDT"]
[Termination "A4RookA3 won by checkmate"]

1. e4 Nf6 2. e5 Nd5 3. c4 Nb6 4. d4 d6 5. exd6 cxd6 6. Nc3 g6 7. c5 dxc5 8. dxc5 Qxd1+ 9. Kxd1 N6d7 10. Nd5 Kd8 11.
Bf4 e5 12. Bg5+ f6 13. Nxf6 Be7 14. Ne4 Nc6 15. Bxe7+ Kxe7 16. Nf3 Rd8 17. Kc1 Nf6 18.
Nfg5 Bf5 19. Nxf6 Kxf6 20. Nxh7+ Kg7 21. Ng5 Rd5 22. b3 Rad8 23. Bc4 Rxc5 24. Kb2 Rd2+ 25. Kc3 Rc2# 0-1

[Event "Late-Titled-Tuesday-Blitz-April-30-2024"]
[Site "Chess.com"]
[Date "2024.04.30"]
[Round "6"]
[White "sergiochess83"]
[Black "LyonBeast"]
[Result "0-1"]
[WhiteElo "2911"]
[BlackElo "3123"]
[TimeControl "180+1"]
[EndTime "15:03:44 PDT"]
[Termination "LyonBeast won by resignation"]

1. d4 Nf6 2. c4 e6 3. Nc3 d5 4. cxd5 exd5 5. Bg5 c6 6. e3 Be7 7. Bd3 h6 8. Bf4 Bg4 9. Nge2 Nh5 10. Be5 Nd7 11.
h3 Be6 12. Bh2 g6 13. g4 Ng7 14. Nf4 Nf6 15. Qc2 O-O 16. O-O-O Rc8 17. Kb1 c5 18. Bxg6 fxg6 19. Nxe6 Nxe6 20. Qxg6+ Ng7 21. Qxh6 cxd4 22. Rxd4 Rxc3 23. bxc3 Ne4 24. Be5 Bf6 25. Bxf6 Rxf6 0-1

[Event "Late-Titled-Tuesday-Blitz-April-30-2024"]
[Site "Chess.com"]
[Date "2024.04.30"]
[Round "6"]
[White "grandmastergauri"]
[Black "manmanlai1"]
[Result "1-0"]
[WhiteElo "2734"]
[BlackElo "2546"]
[TimeControl "180+1"]
[EndTime "15:03:47 PDT"]
[Termination "grandmastergauri won by resignation"]

1. d4 f5 2. g3 e6 3. Bg2 Nf6 4. c4 d5 5. Nh3 c6 6. O-O Bd6 7. Bf4 Be7 8. Be5 O-O 9. Nf4 Ng4 10. Bxb8 Rxb8 11. Qc2 Bd6 12. e3 Bd7 13. Nd2 Kh8 14.
Nf3 g5 15. Nd3 f4 16. exf4 gxf4 17. Rae1 Qf6 18. h3 dxc4 19. Nde5 1-0

[Event "Late-Titled-Tuesday-Blitz-April-30-2024"]
[Site "Chess.com"]
[Date "2024.04.30"]
[Round "6"]
[White "Heliosis11"]
[Black "guillembaches"]
[Result "1-0"]
[WhiteElo "2410"]
[BlackElo "2563"]
[TimeControl "180+1"]
[EndTime "15:03:54 PDT"]
[Termination "Heliosis11 won by resignation"]

1. e4 c5 2. Nf3 d6 3. Bb5+ Bd7 4.
Bxd7+ Qxd7 5. c4 Nc6 6. d4 cxd4 7. Nxd4 g6 8. Nc3 Bg7 9. Be3 Nf6 10. f3 O-O 11.
O-O e6 12. Qd2 d5 13. cxd5 exd5 14. Nxc6 bxc6 15. e5 Ne8 16. Bc5 Bxe5 17. Bxf8 Kxf8 18. Rfe1 Bg7 19. Qf2 d4 20. Rad1 Nd6 21. Ne4 Nf5 22. g4 Ne3 23. Qxe3 dxe3 24. Rxd7 1-0

[Event "Late-Titled-Tuesday-Blitz-April-30-2024"]
[Site "Chess.com"]
[Date "2024.04.30"]
[Round "6"]
[White "shirovin"]
[Black "nicolasbatista3"]
[Result "0-1"]
[WhiteElo "2082"]
[BlackElo "2434"]
[TimeControl "180+1"]
[EndTime "15:04:00 PDT"]
[Termination "nicolasbatista3 won on time"]

1. e4 c6 2. d4 d5 3. exd5 cxd5 4.
Bd3 Nc6 5. c3 Nf6 6. Bf4 g6 7.
Nf3 Bg7 8. Nbd2 O-O 9. O-O Bf5 10. Bxf5 gxf5 11. Re1 e6 12. Ne5 Ne4 13. f3 Nxe5 14. Nxe4 Nxf3+ 15. gxf3 fxe4 16. fxe4 dxe4 17. Qg4 Kh8 18.
Be5 Bxe5 19. dxe5 Rg8 0-1

[Event "Late-Titled-Tuesday-Blitz-April-30-2024"]
[Site "Chess.com"]
[Date "2024.04.30"]
[Round "6"]
[White "rdarruda"]
[Black "schachlana"]
[Result "1-0"]
[WhiteElo "2546"]
[BlackElo "2368"]
[TimeControl "180+1"]
[EndTime "15:04:16 PDT"]
[Termination "rdarruda won by resignation"]

1. d4 Nf6 2. Nf3 g6 3. Nc3 c5 4.
d5 Bg7 5. e4 d6 6. Be2 O-O 7. O-O a6 8. a4 Nbd7 9. Nd2 Rb8 10. Nc4 b5 11. axb5 axb5 12. Na5 Qb6 13. Nc6 b4 14. Na4 Qc7 15. Nxb8 Nxb8 16. f3 c4 17. c3 b3 18. Be3 Nfd7 19. Bd4 Ne5 20. f4 Ned7 21. Bxg7 Kxg7 22. Qd4+ Nf6 23. e5 dxe5 24.
fxe5 Ne8 25. d6 Qb7 26. e6+ f6 27. d7 Nxd7 28. exd7 Bxd7 29. Nc5 1-0

[Event "Late-Titled-Tuesday-Blitz-April-30-2024"]
[Site "Chess.com"]
[Date "2024.04.30"]
[Round "6"]
[White "e4evr"]
[Black "Charodej1"]
[Result "0-1"]
[WhiteElo "2209"]
[BlackElo "2414"]
[TimeControl "180+1"]
[EndTime "15:04:25 PDT"]
[Termination "Charodej1 won by resignation"]

1. e4 e5 2. Nf3 Nc6 3. Bc4 Bc5 4. c3 Nf6 5. d4 exd4 6. O-O Nxe4 7. cxd4 Be7 8. d5 Nd6 9. Bd3 Nb4 10. Be2 O-O 11.
a3 Na6 12. Nc3 Nc5 13. Qc2 a5 14. Be3 b6 15. Rfe1 Ba6 16. Bxa6 Nxa6 17. Bd4 Bf6 18. Re2 Bxd4 19. Nxd4 Nc5 20. Rae1 Qf6 21. Ncb5 Nxb5 22. Nxb5 c6 23. Nc7 Rac8 24. Ne8 Qh6 25.
b4 Nb7 26. Qf5 Rd8 27. Re7 Nd6 28. Nxd6 Qxd6 29. dxc6 dxc6 30. bxa5 Qxe7 31. Re6 Rd1+ 0-1

[Event "Late-Titled-Tuesday-Blitz-April-30-2024"]
[Site "Chess.com"]
[Date "2024.04.30"]
[Round "6"]
[White "balachess2006"]
[Black "traack"]
[Result "1-0"]
[WhiteElo "2670"]
[BlackElo "2428"]
[TimeControl "180+1"]
[EndTime "15:04:41 PDT"]
[Termination "balachess2006 won by resignation"]

1. c4 Nf6 2. Nf3 e6 3. Nc3 d5 4. e3 Be7 5. b3 O-O 6. Bb2 c5 7. cxd5 exd5 8. d4 Nc6 9. Be2 Bf5 10. O-O Rc8 11. dxc5 Bxc5 12. Rc1 d4 13. Nb5 d3 14. Bxf6 dxe2 15. Qxe2 Qxf6 16. Rxc5 Rfd8 17.
Rfc1 Bd3 18. Qe1 Qb2 19. Nbd4 Qxa2 20. Qc3 Be4 21. Ra1 Nxd4 22. Rxc8 Ne2+ 23. Kf1 Qxa1+ 24.
Qxa1 Rxc8 25. Kxe2 Rc2+ 26. Nd2 a6 27. Qd4 f5 28. f3 Bc6 29. Kd1 Ra2 30. Kc1 1-0

[Event "Late-Titled-Tuesday-Blitz-April-30-2024"]
[Site "Chess.com"]
[Date "2024.04.30"]
[Round "6"]
[White "LuciaMalanRamos"]
[Black "RealPerangel"]
[Result "0-1"]
[WhiteElo "2111"]
[BlackElo "2745"]
[TimeControl "180+1"]
[EndTime "15:04:45 PDT"]
[Termination "RealPerangel won by resignation"]

1. d4 c5 2. d5 Nf6 3. c4 g6 4. Nc3 Bg7 5. e4 O-O 6. Nf3 d6 7. Bd3 e6 8. Bg5 h6 9. Bh4 g5 10. Bg3 e5 11. Qc2 Nh5 12. O-O Nf4 13. h3 Qf6 14.
Bxf4 exf4 15. Rfe1 Nd7 16. Re2 Qe7 17. Rae1 Ne5 18.
Nxe5 Bxe5 19. Nb5 a6 20. Na3 h5 21. Nb1 g4 22. hxg4 hxg4 23. g3 f3 24. Re3 Kg7 25. Be2 fxe2 26. Qxe2 Rh8 27. Qf1 Qg5 28. b3 Bd7 29. Qg2 Rh6 30. Kf1 Rah8 31. Ke2 Rh2 32.
Qg1 Bd4 33. Kd3 b5 34. Nd2 Qe5 35. f4 Qf6 36. Qf1 Bxe3 37. Rxe3 Qd4+ 38. Kc2 0-1

[Event "Late-Titled-Tuesday-Blitz-April-30-2024"]
[Site "Chess.com"]
[Date "2024.04.30"]
[Round "6"]
[White "falzehope0"]
[Black "Iskusnyh"]
[Result "0-1"]
[WhiteElo "2430"]
[BlackElo "2626"]
[TimeControl "180+1"]
[EndTime "15:04:55 PDT"]
[Termination "Iskusnyh won by resignation"]

1. d4 d5 2. e3 Nf6 3. Bd3 c5 4. c3 g6 5. f4 Bg7 6. Nf3 O-O 7. O-O b6 8. Nbd2 Ba6 9. Bxa6 Nxa6 10. b3 Qc8 11. Bb2 Qb7 12. Ba3 Rac8 13. Rc1 Rfd8 14.
Ne5 Nc7 15. f5 Nce8 16. fxg6 hxg6 17. Ndf3 Nd6 18. Ng5 Bh6 19. h4 Rf8 20. Qf3 Nfe4 21.
Ngxf7 Bg7 22. h5 Nxf7 23. Nxf7 Ng5 24. Qg4 Nxf7 25. hxg6 Nh6 26. Rf3 Nxg4 27. Rg3 Qa6 28.
Bxc5 Qe2 29. Bxe7 Qf2+ 30. Kh1 Qf1+ 0-1

[Event "Late-Titled-Tuesday-Blitz-April-30-2024"]
[Site "Chess.com"]
[Date "2024.04.30"]
[Round "6"]
[White "kleber2007"]
[Black "Godzillator"]
[Result "1-0"]
[WhiteElo "2514"]
[BlackElo "2399"]
[TimeControl "180+1"]
[EndTime "15:05:02 PDT"]
[Termination "kleber2007 won by resignation"]

1. Nf3 d5 2. g3 Nf6 3. Bg2 c5 4. O-O Nc6 5. d4 cxd4 6. Nxd4 Qb6 7. Nxc6 bxc6 8. c4 e6 9. Nc3 Be7 10. cxd5 cxd5 11. e4 dxe4 12. Nxe4 Nxe4 13. Bxe4 Bb7 14. Qa4+ Kf8 15. Be3 Qc7 16. Rac1 Qb8 17. Rfd1 Bxe4 18. Qxe4 Qe8 19. Rc7 Rd8 20. Rxd8 Qxd8 21. Qb7 Qd1+ 22.
Kg2 Bf6 23. Rd7 1-0

[Event "Late-Titled-Tuesday-Blitz-April-30-2024"]
[Site "Chess.com"]
[Date "2024.04.30"]
[Round "6"]
[White "simaopdias"]
[Black "ALBERT_KLOC"]
[Result "1-0"]
[WhiteElo "2346"]
[BlackElo "2486"]
[TimeControl "180+1"]
[EndTime "15:05:03 PDT"]
[Termination "simaopdias won by resignation"]

1. e4 c5 2. Nf3 d6 3. d4 cxd4 4. Nxd4 Nf6 5. Nc3 Nc6 6. Be2 e5 7. Nb3 Be7 8. Bg5 O-O 9. Bxf6 Bxf6 10. Nd5 Bg5 11. O-O Kh8 12. Kh1 g6 13. f4 exf4 14. Nxf4 Bf6 15. c3 Bg7 16. Qd2 Be6 17. Nd4 Qe7 18.
Rad1 Rad8 19. b3 a6 20. Nxc6 bxc6 21. c4 Bc8 22. Bd3 Qh4 23. Qf2 Qxf2 24. Rxf2 a5 25. Bc2 Be5 26. g3 Kg8 27. Kg2 h5 28. h3 Kg7 29. Nd3 Bd4 30. Rfd2 Bc3 31. Rf2 h4 32. g4 Bd4 33. Rf3 Rde8 34. Nf4 Bb7 35. Rxd4 1-0